 Dungeon Crawl Stone Soup version 0.30-b1-2-g02819fbbbe (webtiles) character file.

Game seed: 1012921274421869711

17134 diana the Cruncher (level 12, -12/77 HPs)
             Began as a Gargoyle Gladiator on Aug 19, 2023.
             Was an Elder of Ashenzari.
             Engulfed by an ice statue's freezing vapour (23 damage)
             ... in an ice cave.
             The game lasted 00:42:51 (12077 turns).

diana the Cruncher (Gargoyle Gladiator)            Turns: 12077, Time: 00:42:52

Health: -12/77     AC: 17    Str: 19    XL:     12   Next: 44%
Magic:  2/19       EV: 16    Int: 16    God:    Ashenzari [****..]
Gold:   1129       SH:  0    Dex: 13    Spells: 12/21 levels left

rFire   . . .        a - +0 quarterstaff of Ashenzari's Atheism {Comp, Bglg} (curse)
rCold   . . .        (shield currently unavailable)
rNeg    + . .        C - +2 robe "Udieppant" {rPois Regen+}
rPois   ∞            L - +0 helmet of the Lashed Sybil {Fort, Bglg} (curse)
rElec   +            T - +0 cloak "Sun of the Sublime Sage" {Comp, Bglg} (curse)
rCorr   .            (no gloves)
SInv    +            I - +0 pair of boots "Discomfort of Ashenzari" {Comp, Cun} (curse)
Will    +....        (no amulet)
Stlth   ++           R - ring "Ekud" {Int+3 Dex+2 Slay+4 SInv Stlth+}
HPRegen 1.12/turn    f - ring of Curses and Power {Wiz, Elem, Fort} (curse)
MPRegen 0.16/turn

%: clarity, wizardry (x1)
@: no status effects
A: sickness immunity, AC +8, negative energy resistance 1, electricity
resistance, torment resistance 1, petrification resistance, berserk 1,
strong-willed 1, wild magic 1
a: Renounce Religion, Curse Item, Shatter the Chains


You were in an ice cave.
You worshipped Ashenzari.
Ashenzari was greatly pleased with you.
You visited 3 branches of the dungeon, and saw 14 of its levels.
You also visited: Sewer, Ossuary and Ice Cave.

You collected 1129 gold pieces.

Inventory:

Hand Weapons
 a - the cursed +0 quarterstaff of Ashenzari's Atheism (weapon) {Comp, Bglg}

   It has a curse which improves the following skills: Companions: Summonings
   and Necromancy.
   Beguiling: Conjurations, Hexes and Translocations.
Missiles
 d - 3 throwing nets (quivered)
 e - 6 javelins
Armour
 b - a +0 leather armour
 c - a +0 helmet
 C - the +2 robe "Udieppant" (worn) {rPois Regen+}
   (You found it on level 4 of the Dungeon)

   rPois:     It protects you from poison.
   Regen:     It increases your rate of health regeneration.
 H - +0 steam dragon scales
 I - the cursed +0 pair of boots "Discomfort of Ashenzari" (worn) {Comp, Cun}
   (You found it on level 5 of the Dungeon)

   It has a curse which improves the following skills: Companions: Summonings
   and Necromancy.
   Cunning:   Dodging and Stealth.
 L - the cursed +0 helmet of the Lashed Sybil (worn) {Fort, Bglg}
   (You found it in a sewer)

   It has a curse which improves the following skills: Fortitude: Armour and
   Shields.
   Beguiling: Conjurations, Hexes and Translocations.
 T - the cursed +0 cloak "Sun of the Sublime Sage" (worn) {Comp, Bglg}
   (You found it on level 11 of the Dungeon)

   It has a curse which improves the following skills: Companions: Summonings
   and Necromancy.
   Beguiling: Conjurations, Hexes and Translocations.
Jewellery
 f - the cursed ring of Curses and Power (right hand) {Wiz, Elem, Fort}
   (You found it on level 1 of the Dungeon)

   [ring of wizardry]

   It improves your spell success rate.
   It has a curse which improves the following skills: Elements: Fire Magic, Ice
   Magic, Air Magic and Earth Magic.
   Fortitude: Armour and Shields.
 h - a +6 ring of dexterity
 B - a ring of positive energy
 D - a +4 ring of slaying
 R - the ring "Ekud" (left hand) {Int+3 Dex+2 Slay+4 SInv Stlth+}
   (You found it on level 10 of the Dungeon)

   [ring of slaying]

   Int:       It affects your intelligence (+3).
   Dex:       It affects your dexterity (+2).
   Slay:      It affects your accuracy & damage with ranged weapons and melee
   (+4).
   SInv:      It lets you see invisible.
   Stlth:     It makes you more stealthy.
Wands
 K - a wand of polymorph (15)
 N - a wand of paralysis (9)
 Q - a wand of digging (5)
 S - a wand of flame (6)
Scrolls
 j - a scroll of immolation
 k - 2 scrolls of silence
 l - 3 scrolls of blinking
 o - 4 scrolls of fear
 q - 2 scrolls of noise
 t - 6 scrolls of teleportation
 u - 8 scrolls of identify
 w - 3 scrolls of poison
 x - a scroll of brand weapon
 y - 2 scrolls of magic mapping
 z - 2 scrolls of enchant armour
 E - 3 scrolls of amnesia
 J - 2 scrolls of torment
 M - a scroll of acquirement
 O - a scroll of enchant weapon
Potions
 g - 3 potions of degeneration
 i - 8 potions of curing
 m - 3 potions of lignification
 n - 3 potions of ambrosia
 p - a potion of might
 r - 2 potions of invisibility
 s - 2 potions of flight
 v - 4 potions of haste
 F - 3 potions of attraction
 P - a potion of mutation


   Skills:
 - Level 10.0 Fighting
 + Level 10.9 Staves
 - Level 1.8 Throwing
 - Level 4.6(7.2) Armour
 - Level 8.4(10.3) Dodging
 - Level 5.0 Spellcasting
 + Level 3.8(7.0) Conjurations
 + Level 1.9(4.4) Hexes
 - Level 3.1(6.1) Summonings
 + Level 8.0(9.9) Earth Magic


You had 12 spell levels left.
You knew the following spells:

 Your Spells              Type           Power      Damage    Failure   Level
a - Passwall              Tmut/Erth      20%        N/A       2%          2
b - Stone Arrow           Conj/Erth      80%        3d12      1%          3
c - Animate Armour        Summ/Erth      76%        N/A       3%          4

Your spell library contained the following spells:

 Spells                   Type           Power      Damage    Failure   Level
 Magic Dart               Conj           100%       1d8       1%          1
 Summon Small Mammal      Summ           100%       N/A       1%          1
 Call Imp                 Summ           60%        N/A       1%          2
 Call Canine Familiar     Summ           30%        N/A       2%          3
 Summon Guardian Golem    Hex/Summ       27%        N/A       3%          3
 Leda's Liquefaction      Hex/Erth       17%        N/A       4%          4
 Ensorcelled Hibernation  Hex/Ice        28%        N/A       5%          2
 Necrotise                Necr           28%        1d5       7%          1
 Apportation              Tloc           14%        N/A       8%          1
 Mephitic Cloud           Conj/Pois/Air  15%        N/A       10%         3
 Portal Projectile        Hex/Tloc       30%        N/A       10%         3
 Blink                    Tloc           14%        N/A       11%         2
 Lesser Beckoning         Tloc           14%        N/A       11%         2
 Poisonous Vapours        Pois/Air       10%        N/A       12%         2
 Scorch                   Fire           12%        2d5       12%         2
 Flame Wave               Conj/Fire      20%        2d7       19%         4
 Gell's Gravitas          Tloc           7%         N/A       21%         3
 Swiftness                Air            6%         N/A       21%         3
 Teleport Other           Tloc           7%         N/A       21%         3
 Manifold Assault         Tloc           7%         N/A       50%         4
 Freezing Cloud           Conj/Ice/Air   7%         6-21      56%         5
 Summon Cactus Giant      Summ           15%        N/A       63%         6
 Orb of Destruction       Conj           17%        9d7       96%         7
 Spellforged Servitor     Conj/Summ      16%        N/A       98%         7
 Storm Form               Tmut/Air       2%         N/A       100%        7
 Lehudib's Crystal Spear  Conj/Erth      20%        10d6      100%        8


Dungeon Overview and Level Annotations

Branches:
Dungeon (11/15)            Temple (1/1) D:4            Lair (0/5) D:11
    Orc (2/2) D:9             Elf (0/3) Orc:2         Sewer (visited)
Ossuary (visited)           IceCv (1/1)

Altars:
Ashenzari
Cheibriados
Dithmenos
Elyvilon
Fedhas
Gozag
Hepliaklqana
Kikubaaqudgha
Makhleb
Nemelex Xobeh
Okawaru
Qazlal
Ru
Sif Muna
Trog
Uskayaw
Vehumet
Wu Jian
Xom
Yredelemnul
Zin
The Shining One

Shops:
D:10 :=(!

Annotations:
D:5 1 runed translucent door, discopopstar's ghost, novice MiFi
D:11 Lodul IceCv exclusion: 2 ice statues


Innate Abilities, Weirdness & Mutations

You are immune to sickness and miasma.
Your stone body is resilient. (AC +8)
You are immune to poison.
You resist negative energy. (rN+)
You are resistant to electric shocks. (rElec)
You are resistant to unholy torment.
You are immune to petrification.
You sometimes lose your temper in combat.
You are strong-willed. (Will+)
Your spells are a little harder to cast, but a little more powerful.


Message History

Aiming: Stone Arrow (safe; 1% risk of failure)
Press: ? - help, Shift-Dir - straight line, f/p - ice statue
Aim: an ice statue (moderately damaged, 100% to hit)
The stone arrow hits the ice statue!
The ice statue is heavily damaged.
The ice statue gestures.
Unknown command.
Casting: Stone Arrow (safe; 1% risk of failure)
Confirm with . or Enter, or press ? or * to list all spells.
Aiming: Stone Arrow (safe; 1% risk of failure)
Press: ? - help, Shift-Dir - straight line, f/p - ice statue
Aim: an ice statue (heavily damaged, 100% to hit)
The stone arrow hits the ice statue!
The ice statue is severely damaged.
The ice statue gestures at you. The freezing blast engulfs you!
Casting: Stone Arrow (safe; 1% risk of failure)
Confirm with . or Enter, or press ? or * to list all spells.
Aiming: Stone Arrow (safe; 1% risk of failure)
Press: ? - help, Shift-Dir - straight line, f/p - ice statue
Aim: an ice statue (severely damaged, 100% to hit)
The stone arrow hits the ice statue!!
The ice statue is almost destroyed.
You are engulfed in freezing vapours.
The ice statue gestures at you. The bolt of cold misses you.
Casting: Stone Arrow (safe; 1% risk of failure)
Confirm with . or Enter, or press ? or * to list all spells.
Aiming: Stone Arrow (safe; 1% risk of failure)
Press: ? - help, Shift-Dir - straight line, f/p - ice statue
Aim: an ice statue (almost destroyed, 100% to hit)
The stone arrow hits the ice beast!!
You kill the ice beast!
The ice beast disappears in a puff of smoke!
You are engulfed in freezing vapours.
The ice statue gestures.
You are engulfed in freezing vapours.
* * * LOW HITPOINT WARNING * * *
You are engulfed in freezing vapours.
You die...

#..##. * , ###
#..#..** , * * ,
, ##.####.##.8 {
* ,** ,
#...##..#..#*, ,
**, #∩∩.....#☼Y##
.# *, ,*
#...##..#°○°#..##
*,,*
##.####.##°☼##.8#
*, * , * ###
#..#○○##..## , ,
* #..##@##...#..,
, ##..#..#..... *
#..#....#,, , , ,
#..##...# *, , *
##..#...## {
#..##...# *, * _,
##..##..## ,
#...##..# ,
##......# *,


You could see an ice beast (summoned).

Vanquished Creatures
  2 quicksilver oozes (IceCv)
  A boulder beetle (D:11)
  Erica (D:10)
  2 two-headed ogres
  Nergalle (Orc:1)
  Pikel (D:8)
  An orc sorcerer (Orc:1)
  A cyclops (D:11)
  Maggie (D:10)
  A kobold demonologist (D:9)
  4 trolls
  Prince Ribbit (D:5)
  A hornet (D:7)
  2 slime creatures (IceCv)
  2 shadows (D:9)
  A vampire (D:11)
  A wraith (D:11)
  A wyvern (D:11)
  9 yaks
  7 vampire mosquitoes
  A steam dragon (D:4)
  An acid dragon (D:8)
  A water moccasin (D:8)
  7 orc warriors
  4 black bears
  2 great orb of eyes simulacra (IceCv)
  9 ogres
  2 centaurs
  2 lemures (D:8)
  3 phantoms
  2 slime creature simulacra (IceCv)
  A kobold brigand (D:8)
  5 bullfrogs
  3 scorpions
  2 glowing shapeshifter simulacra (IceCv)
  7 wights
  17 killer bees
  4 howler monkeys
  6 hounds
  2 jellies (D:5)
  9 orc priests
  4 iguanas
  A sleepcap (D:7)
  9 orc wizards
  8 mummies (Ossuary)
  10 adders
  4 gnolls (Orc:1)
  2 river rats (D:6)
  A shadow imp (D:7)
  12 white imps (Orc:2)
  A worm (D:3)
  2 dart slugs
  49 orcs
  3 bats
  3 endoplasms
  11 giant cockroaches
  3 gnoll zombies (Ossuary)
  7 goblins
  10 hobgoblins
  2 jackals (D:5)
  4 quokkas (Sewer)
  9 ball pythons
  13 frilled lizards
  10 kobolds
  5 orc zombies (Ossuary)
  7 rats
321 creatures vanquished.

Vanquished Creatures (collateral kills)
  A wolf (D:11)
  A slime creature simulacrum (IceCv)
2 creatures vanquished.

Vanquished Creatures (others)
  2 orcs (Orc:1)
  A bush (D:11)
  3 fungi (D:11)
  15 plants (D:11)
21 creatures vanquished.

Grand Total: 344 creatures vanquished

Notes
Turn   | Place    | Note
-------+----------+-------------------------------------------
     0 | D:1      | diana the Gargoyle Gladiator began the quest for the Orb.
     0 | D:1      | Reached XP level 1. HP: 12/12 MP: 1/1
   306 | D:1      | Reached XP level 2. HP: 16/18 MP: 2/2
  1330 | D:2      | Reached XP level 3. HP: 22/22 MP: 3/3
  1523 | D:3      | Gained mutation: You have a pair of small antennae on your
                  | head. [potion of mutation]
  1523 | D:3      | Gained mutation: You have an increased reservoir of magic.
                  | (+10% MP) [potion of mutation]
  1523 | D:3      | Gained mutation: You are partially covered in iridescent
                  | scales. (AC +2) [potion of mutation]
  1523 | D:3      | Gained mutation: You have hidden genetic potential. [potion
                  | of mutation]
  1919 | D:3      | Reached XP level 4. HP: 28/28 MP: 4/4
  1922 | D:3      | Gained mutation: You have large cloven feet. [hidden
                  | potential]
  2306 | D:3      | Found a basalt altar of Yredelemnul.
  2356 | D:4      | Noticed a scorpion
  2373 | D:4      | Killed a scorpion
  2374 | D:4      | Reached XP level 5. HP: 15/33 MP: 5/5
  2385 | D:4      | Gained mutation: You have hoof-like feet. [hidden
                  | potential]
  2385 | D:4      | Lost mutation: You have hidden genetic potential. [hidden
                  | potential expressed]
  2388 | D:4      | Identified the +2 robe "Udieppant" {rPois Regen+}
  2551 | D:4      | Found a staircase to the Ecumenical Temple.
  2585 | D:4      | Found a sand-covered staircase.
  2592 | Ossuary  | Entered an ossuary
  2605 | Ossuary  | Reached XP level 6. HP: 38/38 MP: 6/6
  3010 | Temple   | Entered the Ecumenical Temple
  3391 | Temple   | Became a worshipper of Ashenzari the Shackled
  3635 | D:4      | Reached skill level 5 in Fighting
  3635 | D:4      | Reached skill level 5 in Staves
  3635 | D:4      | Reached XP level 7. HP: 44/44 MP: 7/7
  3780 | D:4      | Noticed a steam dragon
  3789 | D:4      | Killed a steam dragon
  3968 | D:5      | Entered Level 5 of the Dungeon
  4159 | D:5      | Reached skill level 1 in Armour
  4199 | D:5      | Reached XP level 8. HP: 40/51 MP: 8/8
  4263 | D:5      | Noticed Prince Ribbit
  4271 | D:5      | Found a runed translucent door.
  4280 | D:5      | Killed Prince Ribbit
  4281 | D:5      | Reached skill level 5 in Dodging
  4313 | D:5      | You fall into a shaft and drop 1 floor!
  4340 | D:6      | Found a glowing drain.
  4360 | Sewer    | Entered a sewer
  4593 | Sewer    | Lost mutation: You are partially covered in iridescent
                  | scales. (AC +2) [potion of mutation]
  4593 | Sewer    | Lost mutation: You have an increased reservoir of magic.
                  | (+10% MP) [potion of mutation]
  4593 | Sewer    | Gained mutation: Your spells are a little harder to cast,
                  | but a little more powerful. [potion of mutation]
  4594 | Sewer    | Lost mutation: You have a pair of small antennae on your
                  | head. [potion of mutation]
  4594 | Sewer    | Lost mutation: You have hoof-like feet. [potion of
                  | mutation]
  4594 | Sewer    | Lost mutation: You have large cloven feet. [potion of
                  | mutation]
  4594 | Sewer    | Gained mutation: You are strong-willed. (Will+) [potion of
                  | mutation]
  4594 | Sewer    | Gained mutation: You sometimes lose your temper in combat.
                  | [potion of mutation]
  4986 | D:6      | Reached XP level 9. HP: 56/56 MP: 9/9
  5118 | D:5      | Noticed discopopstar's ghost (novice MiFi)
  5511 | D:7      | Noticed a hornet
  5521 | D:7      | Killed a hornet
  6350 | D:8      | Learned a level 2 spell: Passwall
  6354 | D:8      | Learned a level 3 spell: Stone Arrow
  6377 | D:8      | Noticed Pikel
  6387 | D:8      | Killed Pikel
  6388 | D:8      | Reached skill level 1 in Spellcasting
  6442 | D:8      | Reached XP level 10. HP: 57/64 MP: 12/12
  7239 | D:9      | Reached skill level 1 in Earth Magic
  7381 | D:9      | Found a staircase to the Orcish Mines.
  7407 | D:9      | Reached * piety under Ashenzari
  7407 | D:9      | Identified a scroll of acquirement
  7407 | D:9      | Reached ** piety under Ashenzari
  8042 | D:10     | Entered Level 10 of the Dungeon
  8042 | D:10     | Identified the ring "Ekud" {Int+3 Dex+2 Slay+4 SInv Stlth+}
  8042 | D:10     | Found Oxipse's Distillery.
  8047 | D:10     | Noticed Erica
  8197 | D:10     | Killed Erica
  8198 | D:10     | Reached XP level 11. HP: 68/71 MP: 15/17
  8231 | D:10     | Noticed Maggie
  8246 | D:10     | Killed Maggie
  8346 | D:10     | Found Jyazeixt's Weapon Boutique.
  8380 | D:10     | Noticed a two-headed ogre
  8405 | D:10     | Found Ereh's Jewellery Shoppe.
  8429 | D:10     | Killed a two-headed ogre
  8648 | D:10     | Reached *** piety under Ashenzari
  8827 | D:10     | Found Itsub's Book Shoppe.
  8920 | Orc:1    | Entered Level 1 of the Orcish Mines
  8920 | Orc:1    | Noticed Nergalle
  8924 | Orc:1    | Noticed a spectral orc warlord
  9198 | D:9      | Reached skill level 10 in Fighting
  9271 | D:9      | Learned a level 4 spell: Animate Armour
  9359 | D:11     | Noticed a two-headed ogre
  9489 | D:10     | Reached skill level 5 in Spellcasting
  9489 | D:10     | Reached skill level 1 in Summonings
  9562 | D:11     | Noticed a two-headed ogre
  9566 | D:11     | Reached skill level 5 in Earth Magic
  9591 | D:11     | Noticed a cyclops
  9597 | D:11     | Killed a two-headed ogre
  9606 | D:11     | Killed a cyclops
  9828 | D:11     | Found a staircase to the Lair.
  9829 | D:11     | Noticed a boulder beetle
  9918 | D:11     | Killed a boulder beetle
  9919 | D:11     | Reached skill level 10 in Staves
 10311 | D:11     | Noticed Lodul
 10368 | D:10     | Reached **** piety under Ashenzari
 10443 | D:9      | Reached XP level 12. HP: 75/77 MP: 9/19
 10538 | Orc:1    | Killed Nergalle
 10539 | Orc:1    | Reached skill level 1 in Conjurations
 11338 | Orc:2    | Entered Level 2 of the Orcish Mines
 11338 | Orc:2    | Found a staircase to the Elven Halls.
 11451 | Orc:2    | Found a frozen archway.
 11506 | IceCv    | Entered an ice cave
 11712 | IceCv    | Noticed a quicksilver ooze
 11726 | IceCv    | Killed a quicksilver ooze
 11727 | IceCv    | Reached skill level 1 in Hexes
 11951 | IceCv    | Noticed a quicksilver ooze
 11955 | IceCv    | Killed a quicksilver ooze
 12077 | IceCv    | Engulfed by an ice statue's freezing vapour

Illustrated notes

Levels and vault maps discovered:
D:1:      dpeg_arrival_triangle_fractal, layout_basic, serial_bayou_crossing
D:2:      minmay_angry_zag, layout_rooms
D:3:      layout_basic, lemuel_tele_altar
D:4:      layout_basic, minmay_temple_entry_overgrown, enter_ossuary_3
D:5:      layout_basic, hellmonk_ghost_happy_afterlife, uniq_prince_ribbit1
D:6:      layout_gridville, portal_sewer_entry_c
D:7:      layout_basic
D:8:      layout_loops_ring, uniq_pikel
D:9:      layout_grid_maze, orc_0_dummy, minmay_misc_feat_rows
D:10:     layout_rooms, serial_shops, nicolae_shop_tiny_glass, shop,
          nicolae_shop_bloodbath_and_beyond, kennysheep_mini_moat,
          nicolae_water_bricks, uniq_erica, uniq_maggie
D:11:     layout_layer_cave, minmay_lair_entry_grove, minmay_librarian,
          uniq_lodul
Temple:   mainiacjoe_temple_trianglar_array
Orc:1:    layout_caves, uniq_nergalle
Orc:2:    pf_orc_diabolical, layout_caves, serial_shops,
          nicolae_shop_tiny_glass, portal_ice_cave_entry_imps
IceCv:    ice_cave_hellmonk_azure_passage

Skill      XL: |  1  2  3  4  5  6  7  8  9 10 11 12 |
---------------+-------------------------------------+-----
Fighting       | 3 4 5 6 8 9 10 | 10.0
Dodging        | 3 4 5 6 7 8 |  8.4
Staves         | 4 5 6 8 9 10 | 10.9
Armour         | 1 3 4 |  4.6
Spellcasting   | 1 4 5 |  5.0
Earth Magic    | 3 6 8 |  8.0
Summonings     | 3 |  3.1
Conjurations   | 3 |  3.8
Hexes          | 1 |  1.9
Throwing       | |  1.8

Action                     |  1- 3 |  4- 6 |  7- 9 | 10-12 || total
---------------------------+-------+-------+-------+-------++-------
  Melee: Quarterstaff      |   109 |   119 |   340 |   600 ||  1168
         Kick              |       |    32 |     8 |       ||    40
   Cast: Stone Arrow       |       |       |       |    77 ||    77
         Animate Armour    |       |       |       |    11 ||    11
         Passwall          |       |       |       |     5 ||     5
 Invoke: Curse Item        |       |       |     1 |     4 ||     5
  Evoke: Wand              |       |       |     4 |     2 ||     6
    Use: Potion            |     2 |       |     3 |     5 ||    10
         Scroll            |       |       |       |     1 ||     1
   Stab: Sleeping          |     1 |       |     2 |     1 ||     4
         Distracted        |       |       |     1 |     3 ||     4
         Paralysed         |       |       |     3 |       ||     3
 Armour: Leather armour    |    64 |    15 |       |       ||    79
         Robe              |       |    22 |   141 |   258 ||   421
  Dodge: Dodged            |    99 |    87 |   235 |   550 ||   971
